 Dungeon Crawl Stone Soup version 0.18-a0-1685-g4482fe3 (webtiles) character file.

46 inmateoo the Firebug (level 3, 0/22 HPs)
             Began as an Octopode Fire Elementalist on Apr 5, 2016.
             Succumbed to an adder's poison
             ... on level 2 of the Dungeon.
             The game lasted 00:02:01 (1314 turns).

inmateoo the Firebug (Octopode Fire Elementalist)   Turns: 1314, Time: 00:02:02

Health: 0/22       AC:  1    Str:  7    XL:     3   Next: 66%
Magic:  2/6        EV: 18    Int: 18    God:
Gold:   55         SH:  0    Dex: 17    Spells: 3 memorised, 0 levels left

rFire  + . .     SeeInvis .     c - +4 whip
rCold  + . .     Gourm    .     (no shield)
rNeg   . . .     Faith    .     (helmet restricted)
rPois  +         Spirit   .     e - amulet of magic regeneration
rElec  +         Dismiss  .     (no ring)
rCorr  +         Reflect  .     (no ring)
SustAt .         Harm     .     (no ring)
MR     .....     Rnd*Rage +     (no ring)
Stlth  +++++.....               (no ring)
                                (no ring)
                                (no ring)
                                (no ring)

@: agile, lethally poisoned (0 -> -8), resistant, very slightly contaminated,
not resistant to hostile enchantments, quite stealthy
A: almost no armour, amphibious, 8 rings, constrict 8, tentacle spike 1,
camouflage 1, berserk 1, poison resistance, gelatinous body 1
a: no special abilities


You were on level 2 of the Dungeon.
You were hungry.

You visited 1 branch of the dungeon, and saw 2 of its levels.

You collected 55 gold pieces.

Inventory:

Hand Weapons
 c - a +4 whip (weapon)
Jewellery
 e - an amulet of magic regeneration (around mantle)
Scrolls
 g - a scroll of remove curse
 j - a scroll of fog {unknown}
Books
 a - a book of Flames

   Spells                             Type                      Level
   a - Flame Tongue                   Conjuration/Fire             1
   b - Throw Flame                    Conjuration/Fire             2
   c - Conjure Flame                  Conjuration/Fire             3
   d - Inner Flame                    Hexes/Fire                   3
   e - Sticky Flame                   Conjuration/Fire             4
   f - Fireball                       Conjuration/Fire             5
Comestibles
 b - a bread ration


   Skills:
 + Level 0.4 Fighting
 + Level 2.1 Dodging
 + Level 3.1 Stealth
 + Level 2.3 Spellcasting
 + Level 1.8 Conjurations
 * Level 3.5 Fire Magic


You couldn't memorise any spells.
You knew the following spells:

 Your Spells              Type           Power        Failure   Level  Hunger
a - Flame Tongue          Conj/Fire      ##...        8%          1    #......
b - Throw Flame           Conj/Fire      ##....       12%         2    ##.....
c - Conjure Flame         Conj/Fire      ##......     21%         3    ###....


Dungeon Overview and Level Annotations

Branches:
Dungeon (2/15)

Altars:


Innate Abilities, Weirdness & Mutations

You cannot wear most types of armour.
You are amphibious.
You can wear up to eight rings at the same time.
You can use your tentacles to constrict eight enemies at once.
Your skin changes colour to match your surroundings (Stealth).
Your rubbery body absorbs attacks (AC +1).
One of your tentacles bears a spike.
You tend to lose your temper in combat.
Your system is resistant to poisons.


Message History

Drink which item? (? for menu, Esc to quit)
It was a potion of agility.
You feel agile all of a sudden.
* * * LOW HITPOINT WARNING * * *
You feel sick. The adder closely misses you.
Drink which item? (? for menu, Esc to quit)
You feel protected.
* * * LOW HITPOINT WARNING * * *
You feel sick. The adder misses you.
Casting: Flame Tongue
Confirm with . or Enter, or press ? or * to list all spells.
Okay, then.
You hit the adder. You grab the adder.
You pierce the adder, but do no damage.
The adder is severely wounded.
You constrict the adder.
You kill the adder!
* * * LOW HITPOINT WARNING * * *
You feel sick.
You see here 11 gold pieces.
You die...

........#g# ..#
#.........#..##..
#.........#.....# .
#.!.............##
.##..........#.#...#
.....<.......#.#...#
#.!.......#.#.....#
#......†.....$.($#
#.........#...@..#
###.........†......#
<##...........#†...#
.##....†...........#
...#...............#
.#.................#
.###..##...........#
.####..............#
...................#


There were no monsters in sight!

Vanquished Creatures
  An adder (D:2)
  A giant gecko (D:1)
  5 goblins
  4 hobgoblins (D:1)
  7 jackals (D:1)
  A quokka (D:2)
  3 bats (D:1)
  3 giant newts
  4 kobolds (D:1)
  5 rats
34 creatures vanquished.

Notes
Turn   | Place    | Note
--------------------------------------------------------------
     0 | D:1      | inmateoo the Octopode Fire Elementalist began the quest for the Orb.
     0 | D:1      | Reached XP level 1. HP: 11/11 MP: 3/3
   293 | D:1      | Reached XP level 2. HP: 4/17 MP: 5/5
   768 | D:1      | Learned a level 2 spell: Throw Flame
   810 | D:1      | Reached XP level 3. HP: 13/21 MP: 3/6
   816 | D:1      | Learned a level 3 spell: Conjure Flame
  1308 | D:2      | Gained mutation: One of your tentacles bears a spike. [potion of mutation]
  1308 | D:2      | Gained mutation: You tend to lose your temper in combat. [potion of mutation]
  1308 | D:2      | Gained mutation: Your system is resistant to poisons. [potion of mutation]
  1310 | D:2      | HP: 1/21 [poisoned by an adder]
  1314 | D:2      | Succumbed to an adder's poison

Vault maps used:
D:1:      wheals_arrival_shading
D:2:      fedhas_altar_4, first_bread, patterned_corridor

Skill      XL: |  1  2 |
---------------+-------+-----
Stealth        | 3 |  3.1
Fighting       | |  0.4
Dodging        | |  2.1
Spellcasting   | |  2.3
Conjurations   | |  1.8
Fire Magic     | |  3.5

Action                   || total
-------------------------++-------
Melee: Whip              ||    16
 Cast: Flame Tongue      ||    40
  Use: Potion            ||     3
       Scroll            ||     2
 Stab: Sleeping          ||     1
  Eat: Chunk             ||     1
